 Dungeon Crawl Stone Soup version 0.23.0 (webtiles) character file.

Game seed: 11994600912280483669

1985 Monsterracer the Cleaver (level 9, -1/85 HPs)
             Began as a Naga Chaos Knight on Feb 11, 2019.
             Was a Plaything of Xom.
             Slain by a quasit (3 damage)
             ... summoned by Xom
             ... on level 6 of the Dungeon.
             The game lasted 00:13:34 (5585 turns).

Monsterracer the Cleaver (Naga Chaos Knight)        Turns: 5585, Time: 00:13:35

Health: -1/85      AC: 11    Str: 17 (18) XL:     9   Next: 21%
Magic:  11/11      EV: 12    Int: 12 (13) God:    Xom [......]
Gold:   233        SH:  0    Dex: 12 (15) Spells: 8/8 levels left

rFire    . . .     SeeInvis +   a - +0 hand axe (chaos)
rCold    . . .     Gourm    .   (no shield)
rNeg     . . .     Faith    .   C - +2 robe {MR+}
rPois    +         Spirit   .   (no helmet)
rElec    .         Reflect  .   e - scarf {repulsion}
rCorr    .         Harm     .   A - +0 pair of gloves (curse)
MR       +++..                  h - +0 naga barding
Stlth    +++.......             (no amulet)
HPRegen  0.24/turn              G - ring "Plog" {MR+ SInv}
MPRegen  0.12/turn              (no ring)

@: agile, short of breath, flying, heavily drained, repel missiles, very slow
A: large, see invisible, deformed body, poison resistance, slowness 2, slow
metabolism 1, spit poison 2, AC +3
a: Breathe Poison Gas, Renounce Religion


You were on level 6 of the Dungeon.
You worshipped Xom.
You were a very special plaything of Xom.
You were not hungry.

You visited 1 branch of the dungeon, and saw 6 of its levels.
You also visited: Sewer.

You collected 233 gold pieces.

Inventory:

Hand Weapons
 a - a +0 hand axe of chaos (weapon)
 K - a cursed +5 mace
Missiles
 f - 11 curare-tipped needles
Armour
 e - a scarf of repulsion (worn)
 h - a +0 naga barding (worn)
 i - a +0 cloak
 A - a cursed +0 pair of gloves (worn)
 C - a +2 robe of magic resistance (worn)
 I - a +2 pair of gloves
Jewellery
 p - an uncursed ring of ice
 G - the ring "Plog" (left hand) {MR+ SInv}
   (Xom gifted it to you on level 5 of the Dungeon)

   [ring of see invisible]

   It affects your resistance to hostile enchantments.
   It lets you see invisible.
Wands
 E - a wand of disintegration (3)
 L - a wand of digging (6)
Scrolls
 d - 5 scrolls of teleportation {unknown}
 j - a scroll of random uselessness {unknown}
 n - 5 scrolls of identify {unknown}
 o - 2 scrolls of enchant weapon {unknown}
 s - 5 scrolls of noise {unknown}
 v - 2 scrolls of amnesia {unknown}
 w - a scroll of fear {unknown}
 y - 2 scrolls of immolation {unknown}
 H - a scroll of fog {unknown}
Potions
 g - 2 potions of curing {unknown}
 k - 2 potions of brilliance {unknown}
 l - a potion of berserk rage {unknown}
 m - a potion of mutation {unknown}
 q - 2 potions of lignification {unknown}
 r - 2 potions of resistance {unknown}
 t - a potion of degeneration
 u - a potion of magic {unknown}
 x - 2 potions of might {unknown}
 z - 5 potions of flight
 B - a potion of haste {unknown}
 D - a potion of cancellation {unknown}
 F - a potion of ambrosia {unknown}
 J - 4 potions of agility
Comestibles
 c - 11 rations
 M - a chunk of flesh


   Skills:
 + Level 6.4(4.7) Fighting
 * Level 8.7(6.9) Axes
 + Level 4.2(2.5) Armour
 - Level 0.7(0.0) Dodging
 + Level 3.1(1.5) Stealth
 + Level 3.0(1.5) Evocations


You had 8 spell levels left.
You didn't know any spells.
Your spell library contained the following spells:

 Spells                   Type           Power        Failure   Level  Hunger
 Animate Skeleton         Necr           N/A          32%         1    ##.....
 Pain                     Necr           #...         32%         1    ##.....
 Regeneration             Chrm/Necr      #.........   69%         3    ####...
 Vampiric Draining        Necr           #.........   69%         3    ####...
 Animate Dead             Necr           N/A          97%         4    #####..


Dungeon Overview and Level Annotations

Branches:
Dungeon (6/15)             Temple (0/1) D:4

Altars:
Hepliaklqana
Kikubaaqudgha
Nemelex Xobeh
Ru
Sif Muna
Yredelemnul

Annotations:
D:3 1 runed translucent door, krystol's ghost, amateur GrFE
D:4 2 transporters


Innate Abilities, Weirdness & Mutations

You cannot wear boots.
Your serpentine skin is tough. (AC +3)
You have supernaturally acute eyesight. (SInv)
Armour fits poorly on your strangely shaped body.
Your system is resistant to poisons. (rPois)
You cover ground very slowly.
You have a slow metabolism.
You can exhale a cloud of poison.


Message History

Edmund hits you but does no damage.
You hit Edmund but do no damage.
Edmund flickers and vanishes for a moment.
Edmund is moderately wounded.
You miss the quasit.
Edmund is engulfed in poison gas.
Edmund looks even sicker.
Edmund hits you but does no damage.
The quasit bites you but does no damage.
The quasit closely misses you. x2
You hit Edmund but do no damage. You drain Edmund.
Edmund is heavily wounded.
You hit the ufetubus. You hit the quasit but do no damage.
The ufetubus barely misses you.
The ufetubus hits you but does no damage.
The quasit bites you but does no damage.
The quasit barely misses you.
The quasit claws you but does no damage.
Edmund is engulfed in poison gas.
Edmund looks as sick as possible!
Edmund hits you with a +2 flail of protection!
You take 8 damage, and have 77/85 hp.
You hit Edmund but do no damage.
Edmund is severely wounded.
You barely miss the ufetubus. You hit the quasit.
The ufetubus hits you but does no damage.
The ufetubus completely misses you.
The quasit bites you but does no damage.
The quasit claws you but does no damage. x2
The sixfirhy hits you but does no damage.
You barely miss Edmund.
Edmund is severely wounded.
You barely miss the sixfirhy. You miss the quasit. You barely miss the quasit.
The sixfirhy hits you. The sixfirhy shocks you! The sixfirhy barely misses you.
The sixfirhy hits you. The sixfirhy shocks you!
The quasit bites you but does no damage.
The quasit claws you.
The quasit claws you but does no damage.
Edmund is engulfed in poison gas.
Edmund looks as sick as possible!
Edmund hits you but does no damage. The sixfirhy hits you!
* * * LOW HITPOINT WARNING * * *
The sixfirhy shocks you!
* * * LOW HITPOINT WARNING * * *
The quasit bites you but does no damage.
The quasit completely misses you.
The quasit claws you but does no damage.
You take 52 damage, and have 25/85 hp.
MASSIVE DAMAGE!!
Okay, then.
It was a potion of flight.
You feel very buoyant.
You fly up into the air.
Xom thinks this is hilarious!
The sixfirhy hits you!
* * * LOW HITPOINT WARNING * * *
The sixfirhy shocks you!
* * * LOW HITPOINT WARNING * * *
The sixfirhy hits you but does no damage.
The quasit bites you but does no damage.
The quasit claws you but does no damage. x2
Edmund is engulfed in poison gas.
Edmund looks as sick as possible!
You kill Edmund!
Your base Stealth skill increases to level 3!
Your base Evocations skill increases to level 3!
The quasit bites you but does no damage.
The quasit claws you but does no damage.
The quasit claws you.
* * * LOW HITPOINT WARNING * * *
You feel clumsy.
The quasit bites you but does no damage.
The quasit claws you but does no damage. x2
You take 21 damage, and have 4/85 hp.
MASSIVE DAMAGE!!
Okay, then.
It was a potion of agility.
You feel agile all of a sudden. The quasit barely misses you.
The quasit claws you.
* * * LOW HITPOINT WARNING * * *
The quasit misses you.
The quasit bites you but does no damage.
The quasit claws you.
* * * LOW HITPOINT WARNING * * *
The quasit claws you.
* * * LOW HITPOINT WARNING * * *
You feel clumsy.
You take 2 damage, and have 2/85 hp.
Okay, then.
Okay, then.
Evoke which item? (* to show all) (? for menu, Esc to quit)
Okay, then.
Okay, then.
Evoke which item? (* to show all) (? for menu, Esc to quit)
Aiming: Disintegrate
Press: ? - help, Shift-Dir - straight line, f - you
Okay, then.
Unknown command.
Evoke which item? (* to show all) (? for menu, Esc to quit)
Okay, then.
Okay, then.
It was a potion of degeneration.
There was something very wrong with that liquid.
You feel weakened.
You feel dopey.
You feel clumsy. The quasit bites you.
You die... "Huh?
Did I miss anything?"

#.# ยง...
#.# ####
#######.#
#
#.......#
#
#.#######
#######
#.#
.......
#.#
######
#5# # #@#
# #553).#
# #.#.#.#
# #...#.#
# # ### #
########
........
.#######
# #


You could see a sixfirhy, 2 quasits and an ufetubus.

Vanquished Creatures
  A hog (shapeshifter) (D:3)
  Menkaure (D:4)
  Edmund (D:6)
  A water moccasin (D:2)
  A black bear (D:3)
  2 ogres (D:5)
  A phantom (D:5)
  A centaur (D:6)
  2 scorpions (D:5)
  A water moccasin skeleton (D:6)
  A wyvern skeleton (D:6)
  Dowan (D:4)
  A wight (D:6)
  2 howler monkeys (D:4)
  3 crimson imps
  A jelly (D:6)
  A hound (D:5)
  Crazy Yiuf (D:2)
  4 orc wizards
  2 iguanas
  A worker ant (D:5)
  Natasha (twice) (D:2)
  A hound zombie (D:4)
  A hound skeleton (D:4)
  A howler monkey zombie (D:6)
  2 gnolls
  12 adders
  2 oozes (D:3)
  An adder skeleton (D:5)
  2 worms
  A dart slug (D:4)
  6 leopard geckos
  13 orcs
  12 giant cockroaches
  7 goblins
  7 hobgoblins
  9 jackals
  5 quokkas
  15 bats
  12 frilled lizards
  7 kobolds
  2 leopard gecko skeletons
  6 rats
156 creatures vanquished.

Vanquished Creatures (collateral kills)
  A crimson imp (D:5)
1 creature vanquished.

Vanquished Creatures (others)
  A leopard gecko (D:6)
1 creature vanquished.

Grand Total: 158 creatures vanquished

Notes
Turn   | Place    | Note
-------+----------+-------------------------------------------
     0 | D:1      | Monsterracer the Naga Chaos Knight began the quest for the
                  | Orb.
     0 | D:1      | Reached XP level 1. HP: 21/21 MP: 1/1
   118 | D:1      | Reached XP level 2. HP: 21/28 MP: 2/2
   220 | D:1      | XOM: potion effect (agility)
   245 | D:1      | XOM: summons 1 hostile shadow creature
   273 | D:1      | XOM: harmless Necr miscast
   295 | D:1      | Reached XP level 3. HP: 34/34 MP: 3/3
   598 | D:2      | Reached skill level 4 in Axes
   654 | D:2      | Reached XP level 4. HP: 40/43 MP: 4/4
   932 | D:2      | Noticed a water moccasin
   932 | D:2      | a worm changed into a water moccasin
   932 | D:2      | XOM: polymorph worm -> water moccasin
   935 | D:2      | XOM: swap monsters
   937 | D:2      | HP: 18/44 [xom (16)]
   937 | D:2      | XOM: smoke on damage
   937 | D:2      | XOM: torment (18/44 hp)
   938 | D:2      | XOM: enchant monster (bad)
   939 | D:2      | Killed a water moccasin
   939 | D:2      | Reached skill level 5 in Axes
   939 | D:2      | Reached XP level 5. HP: 19/50 MP: 5/5
   942 | D:2      | HP: 17/50 [poisoned by a water moccasin]
   948 | D:2      | HP: 15/50 [poisoned by a water moccasin]
   954 | D:2      | HP: 14/50 [poisoned by a water moccasin]
   962 | D:2      | HP: 13/50 [poisoned by a water moccasin]
  1078 | D:2      | XOM: mild Tloc miscast
  1078 | D:2      | HP: 20/50 [something (11)]
  1290 | D:2      | Noticed Natasha
  1309 | D:2      | Killed Natasha
  1407 | D:2      | Found a runed translucent door.
  1408 | D:2      | Noticed Crazy Yiuf
  1449 | D:2      | XOM: harmless Tmut miscast
  1604 | D:2      | Noticed Natasha
  1610 | D:2      | Killed Natasha
  1610 | D:2      | Reached XP level 6. HP: 58/58 MP: 6/6
  1668 | D:2      | Killed Crazy Yiuf
  1810 | D:3      | Noticed a black bear
  1819 | D:3      | Killed a black bear
  1819 | D:3      | Reached skill level 6 in Axes
  2160 | D:3      | XOM: smoke on damage
  2273 | D:3      | Found a runed translucent door.
  2273 | D:3      | Noticed krystol's ghost (amateur GrFE)
  2466 | D:3      | XOM: medium Ice miscast
  2540 | D:4      | XOM: polymorph jackal -> frilled lizard
  2545 | D:4      | Reached XP level 7. HP: 64/66 MP: 7/7
  2549 | D:4      | XOM: polymorph leopard gecko -> iguana
  2563 | D:4      | Noticed Menkaure
  2565 | D:4      | Reached skill level 5 in Fighting
  2565 | D:4      | HP: 28/67 [??? (25)]
  2571 | D:3      | HP: 29/67 [orc wizard/cursed +0 dagger (1)]
  2631 | D:3      | XOM: harmless Fire miscast
  2703 | D:3      | XOM: draining
  2739 | D:4      | XOM: smoke on damage
  2774 | D:4      | Noticed Dowan
  2786 | D:4      | Noticed Duvessa
  2787 | D:4      | Killed Dowan
  2900 | D:3      | XOM: mild Ice miscast
  2908 | D:3      | Noticed Duvessa
  2908 | D:3      | Duvessa changed into Duvessa the shapeshifter
  2908 | D:3      | XOM: polymorph Duvessa -> Duvessa the shapeshifter
  2909 | D:3      | Noticed Duvessa
  2909 | D:3      | Duvessa the shapeshifter changed into Duvessa the hog
  2912 | D:3      | XOM: potion effect (curing)
  2916 | D:3      | Killed Duvessa the hog
  2916 | D:3      | Reached skill level 7 in Axes
  3008 | D:4      | XOM: 1-stop teleportation journey
  3010 | D:4      | XOM: enchant monster (bad)
  3011 | D:4      | Killed Menkaure
  3011 | D:4      | Reached XP level 8. HP: 40/75 MP: 8/8
  3293 | D:4      | Found a transporter.
  3295 | D:4      | Noticed a wyvern
  3297 | D:4      | Found a sparkling altar of Nemelex Xobeh.
  3298 | D:4      | Found a transporter.
  3384 | D:4      | XOM: harmless Erth miscast
  3438 | D:4      | Found a staircase to the Ecumenical Temple.
  3517 | D:4      | Found a sacrificial altar of Ru.
  3517 | D:4      | Found a hazy altar of Hepliaklqana.
  3522 | D:4      | Found a faded altar of an unknown god.
  3524 | D:4      | Found a faded altar of an unknown god.
  3526 | D:4      | Found an ancient bone altar of Kikubaaqudgha.
  3582 | D:5      | Entered Level 5 of the Dungeon
  3660 | D:5      | Reached skill level 1 in Evocations
  3671 | D:5      | XOM: polymorph scorpion -> ogre
  3809 | D:5      | Reached skill level 8 in Axes
  3844 | D:5      | XOM: summons 4 friendly demons
  4120 | D:5      | XOM: give mutation
  4120 | D:5      | Gained mutation: You can exhale a cloud of poison. [Xom's
                  | mischief]
  4363 | D:5      | Found a deep blue altar of Sif Muna.
  4399 | D:5      | XOM: god gift: wavering steel ring {god gift}
  4400 | D:5      | Got a wavering steel ring {god gift}
  4402 | D:5      | Identified the ring "Plog" {MR+ SInv} (Xom gifted it to you
                  | on level 5 of the Dungeon)
  4449 | D:6      | Reached skill level 1 in Stealth
  4453 | D:6      | XOM: god gift: book of Necromancy
  4546 | D:6      | Found a glowing drain.
  4615 | Sewer    | Entered a sewer
  4910 | D:6      | XOM: polymorph orc wizard -> gnoll
  4911 | D:6      | XOM: cleaving
  4985 | D:6      | Reached XP level 9. HP: 61/82 MP: 10/10
  5025 | D:6      | XOM: summons 4 friendly demons
  5299 | D:6      | XOM: god gift: 14 stones
  5301 | D:6      | XOM: harmless Hex miscast
  5427 | D:6      | XOM: draining
  5539 | D:6      | Found a basalt altar of Yredelemnul.
  5575 | D:6      | Noticed Edmund
  5578 | D:6      | XOM: summons 4 hostile demons
  5579 | D:6      | Noticed a sixfirhy
  5582 | D:6      | HP: 36/85 [sixfirhy[Xom] (11)]
  5583 | D:6      | HP: 14/85 [sixfirhy[Xom] (11)]
  5583 | D:6      | HP: 5/85 [sixfirhy[Xom] (9)]
  5583 | D:6      | Killed Edmund
  5584 | D:6      | HP: 2/85 [quasit[Xom] (1)]
  5585 | D:6      | Slain by a quasit

Skill      XL: |  1  2  3  4  5  6  7  8  9 |
---------------+----------------------------+-----
Axes           | 4 5 6 7 8 |  8.7
Fighting       | 4 5 6 |  6.4
Armour         | 2 3 4 |  4.2
Evocations     | 2 3 |  3.0
Stealth        | 2 3 |  3.1
Dodging        | |  0.7

Action                   |  1- 3 |  4- 6 |  7- 9 || total
-------------------------+-------+-------+-------++-------
Melee: Hand axe          |    61 |   122 |   303 ||   486
 Abil: Spit Poison       |     2 |    15 |    25 ||    42
       Breathe Poison Ga |       |       |     8 ||     8
Evoke: Wand              |       |       |     3 ||     3
  Use: Potion            |       |       |     3 ||     3
 Stab: Paralysed         |     1 |     1 |     1 ||     3
       Confused          |       |       |     3 ||     3
       Petrified         |       |       |     7 ||     7
       Sleeping          |       |       |     1 ||     1
       Petrifying        |       |       |     1 ||     1
  Eat: Chunk             |       |     4 |    12 ||    16
Armor: Leather armour    |    39 |    90 |    48 ||   177
       Robe              |       |       |   178 ||   178
Dodge: Dodged            |    39 |    47 |   120 ||   206

Levels and vault maps discovered:
D:1:      eino_arrival_tree_alley, layout_rooms, minmay_close_crescents
D:2:      layout_rooms, serial_glass, glass_columns_a, glass_columns_a,
          minmay_strange_pillars, feat_on_display, feat_on_display,
          feat_on_display, minmay_misc_feat_alley, uniq_natasha,
          uniq_crazy_yiuf_cottage
D:3:      layout_loops_ring, gammafunk_ghost_grave
D:4:      layout_rooms, gammafunk_temple_overflow_arena,
          chequers_temple_overflow_minitemple, temple_hall, first_ration,
          uniq_ijyb, uniq_menkaure, uniq_duvessa
D:5:      layout_cave_pools, lemuel_round_altar
D:6:      layout_loops_ring, grunt_temple_overflow_holy_war,
          gup_sewer_entry_glass, nemelex_dance_club_becter, uniq_edmund
Sewer:    sewer_fruit_machine
